 Dungeon Crawl Stone Soup version 0.23.0-28-g6fe0f4d (webtiles) character file.

Game seed: 15165384849606328974

12334 Borgoz the Grappler (level 11, -4/91 HPs)
             Began as a Ghoul Warper on Feb 25, 2019.
             Was a Believer of Ashenzari.
             Slain by a sun demon (20 damage)
             ... summoned by a kobold demonologist
             ... on level 12 of the Dungeon.
             The game lasted 00:31:13 (10936 turns).

Borgoz the Grappler (Ghoul Warper)                 Turns: 10936, Time: 00:31:14

Health: -4/91      AC: 17    Str: 16    XL:     11   Next: 91%
Magic:  17/17      EV: 10    Int:  9    God:    Ashenzari [**....]
Gold:   431        SH:  2    Dex: 13    Spells: 15/20 levels left

rFire    . . .     SeeInvis +     - Unarmed
rCold    + . .     Gourm    .   (no shield)
rNeg     + + +     Faith    .   c - +0 chain mail
rPois    ∞         Spirit   .   n - +2 helmet
rElec    .         Reflect  +   w - +0 cloak
rCorr    .         Harm     .   (no gloves)
MR       .....                  A - +1 pair of boots
Stlth    ..........             s - +2 amulet of reflection
HPRegen  0.00/turn              B - ring of see invisible
MPRegen  0.15/turn              h - +3 ring of dexterity (curse)

@: rotting, invisible
A: rotting body, claws 1, carnivore, cold resistance 1, negative energy
resistance 3, inhibited regeneration, torment resistance, unbreathing
a: Curse Item, Scrying, Renounce Religion


You were on level 12 of the Dungeon.
You worshipped Ashenzari.
Ashenzari was pleased with you.
You were not hungry.

You visited 2 branches of the dungeon, and saw 13 of its levels.
You also visited: Sewer.

You collected 551 gold pieces.
You spent 120 gold pieces at shops.

Inventory:

Missiles
 d - 3 tomahawks of dispersal (quivered)
 I - 5 poisoned tomahawks
Armour
 c - a +0 chain mail (worn)
 n - a +2 helmet (worn)
 w - a +0 cloak (worn)
 A - a +1 pair of boots (worn)
Jewellery
 e - a +4 ring of protection
 h - a cursed +3 ring of dexterity (right claw)
 s - a +2 amulet of reflection (around neck)
 z - an uncursed ring of flight
 B - a ring of see invisible (left claw)
 E - an uncursed ring of resist corrosion
 G - a +4 ring of dexterity
Wands
 b - a wand of random effects (13)
 o - a wand of digging (5)
 r - a wand of polymorph (13)
 t - a wand of acid (8)
 x - a wand of enslavement (13)
Scrolls
 a - 8 scrolls of teleportation
 g - a scroll of identify
 m - a scroll of fog
 p - a scroll of immolation {unknown}
 u - 2 scrolls of remove curse
 y - 5 scrolls of enchant weapon {unknown}
 D - a scroll of magic mapping
 H - 2 scrolls of enchant armour
 J - a scroll of acquirement {unknown}
Potions
 i - a potion of cancellation
 j - a potion of invisibility
 k - 4 potions of brilliance
 q - 2 potions of magic
 v - a potion of flight
 C - 2 potions of haste
 F - a potion of ambrosia
Comestibles
 f - 28 rations
 l - 6 chunks of flesh


   Skills:
 + Level 6.5 Fighting
 - Level 1.0 Throwing
 + Level 6.3 Armour
 + Level 7.1 Dodging
 * Level 4.3 Stealth
 + Level 11.5 Unarmed Combat
 * Level 5.2 Spellcasting
 - Level 4.8 Translocations
 * Level 5.2 Evocations


You had 15 spell levels left.
You knew the following spells:

 Your Spells              Type           Power        Failure   Level  Hunger
a - Blink                 Tloc           N/A          56%         2    ##.....
b - Confuse               Hex            #.......     100%        3    ###....

Your spell library contained the following spells:

 Spells                   Type           Power        Failure   Level  Hunger
 Gell's Gravitas          Tloc           ##........   80%         3    ###....
 Lesser Beckoning         Tloc           ##........   80%         3    ###....
 Teleport Other           Tloc           ##......     80%         3    ###....
 Shroud of Golubria       Chrm/Tloc      #.........   88%         2    ##.....
 Corona                   Hex            #......      98%         1    #......
 Ensorcelled Hibernation  Hex/Ice        #.....       99%         2    ##.....
 Passage of Golubria      Tloc           N/A          99%         4    #####..
 Dazzling Spray           Conj/Hex       #.....       100%        3    ###....
 Tukima's Dance           Hex            #.......     100%        3    ###....


Dungeon Overview and Level Annotations

Branches:
Dungeon (12/15)            Temple (1/1) D:4            Lair (0/6) D:8
    Orc: D:9-12

Altars:
Ashenzari
Cheibriados
Dithmenos
Elyvilon
Fedhas
Gozag
Hepliaklqana
Kikubaaqudgha
Makhleb
Nemelex Xobeh
Okawaru
Qazlal
Ru
Sif Muna
Trog
Uskayaw
Vehumet
Wu Jian
Xom
Yredelemnul
Zin
The Shining One

Shops:
D:8 !


Innate Abilities, Weirdness & Mutations

Your body is rotting away.
You thrive on raw meat.
You are immune to poison.
You have sharp fingernails.
You are carnivorous and can eat meat at any time.
Your flesh is cold resistant. (rC+)
You are immune to negative energy. (rN+++)
You do not regenerate when monsters are visible.
You are immune to unholy pain and torment.
You can survive without breathing.


Message History

The red devil hits you but does no damage.
Unknown command.
You miss the kobold demonologist.
The kobold demonologist is almost dead.
The sun demon hits you!
You are engulfed in flames!
* * * LOW HITPOINT WARNING * * *
The kobold demonologist mumbles some strange words.
The kobold barely misses you. The big kobold barely misses you.
The rust devil misses you. The hellwing closely misses you.
The hellwing barely misses you.
Okay, then.
Okay, then.
Casting: Blink (safe; 56% risk of failure)
Confirm with . or Enter, or press ? or * to list all spells.
Okay, then.
Unknown command.
Okay, then.
You fade into invisibility!
The sun demon hits you!!
You die...

* ###.........#..## ,
#...>..........#. , .,
,, ..........#..... ,,
.. , ,* #......#..... ,,
, ...## ####...........
,
......####(##.##........
,
.....5#5((.(............
, ,
....55K.4.#.............
*
.....43@K#........).....
,
.....54KK#..............
, ,
......KK4...............
...........##.....##....
,..>....##..###......
,.. .......*##.#* ......
# * .......* .. , .
*##..... ..# ....## * *
........


You could see a sun demon, a hellwing, an ice devil, a rust devil, 2 kobold
demonologists, a red devil, 2 big kobolds, 2 iron imps, 2 quasits, a white imp
and 2 kobolds.

Vanquished Creatures
  A two-headed ogre (D:8)
  An ugly thing (D:11)
  A kobold demonologist (D:12)
  A komodo dragon (D:8)
  3 hornets
  4 hippogriffs
  11 yaks
  A human (D:6)
  Sigmund (D:2)
  Grum (D:9)
  5 hungry ghosts
  A soldier ant (D:8)
  2 water moccasins
  Purgy (Sewer)
  8 ice beasts
  3 sky beasts
  5 orc warriors
  A black bear (D:6)
  2 phantoms
  4 wolves (D:9)
  9 ogres
  2 crocodiles
  9 centaurs
  4 bullfrogs
  A big kobold (D:12)
  2 scorpions
  3 killer bees (D:10)
  5 crimson imps
  2 centaur zombies
  A jelly (D:10)
  2 quasits
  Crazy Yiuf (D:2)
  2 bullfrog skeletons
  7 orc priests
  6 hounds
  15 orc wizards
  3 centaur skeletons
  An iguana (D:8)
  Natasha (thrice) (D:2)
  6 worker ants
  A killer bee zombie (D:5)
  A worker ant zombie (D:9)
  4 gnolls (D:5)
  A howler monkey skeleton (D:4)
  18 adders
  4 shadow imps
  2 oozes (D:2)
  An adder zombie (D:5)
  A worm (D:3)
  4 dart slugs
  10 leopard geckos
  39 orcs
  9 giant cockroaches
  7 goblins
  5 hobgoblins
  13 jackals
  15 kobolds
  2 quokkas (D:3)
  A ball python (D:3)
  8 bats
  9 frilled lizards
  A giant cockroach zombie (D:5)
  A goblin skeleton (D:6)
  A jackal zombie (D:6)
  A kobold zombie (D:6)
  A leopard gecko skeleton (D:6)
  4 rats
  A bush (D:12)
306 creatures vanquished.

Vanquished Creatures (others)
  An orc wizard (D:5)
  An orc (D:10)
  A plant (D:8)
3 creatures vanquished.

Grand Total: 309 creatures vanquished

Notes
Turn   | Place    | Note
-------+----------+-------------------------------------------
     0 | D:1      | Borgoz the Ghoul Warper began the quest for the Orb.
     0 | D:1      | Reached XP level 1. HP: 17/17 MP: 2/2
   115 | D:1      | Reached skill level 1 in Armour
   320 | D:1      | Reached XP level 2. HP: 23/23 MP: 3/3
   656 | D:1      | Reached XP level 3. HP: 27/30 MP: 4/4
  1008 | D:2      | Reached skill level 3 in Unarmed Combat
  1018 | D:2      | Reached skill level 1 in Stealth
  1214 | D:2      | Reached XP level 4. HP: 26/37 MP: 5/5
  1477 | D:2      | Noticed Sigmund
  1498 | D:2      | Killed Sigmund
  1498 | D:2      | Reached skill level 4 in Unarmed Combat
  1498 | D:2      | Reached XP level 5. HP: 25/45 MP: 6/6
  1707 | D:2      | Found a runed translucent door.
  1710 | D:2      | Noticed Crazy Yiuf
  1772 | D:2      | Noticed Natasha
  1774 | D:2      | Killed Natasha
  1774 | D:2      | Reached XP level 6. HP: 44/51 MP: 7/7
  1853 | D:2      | Noticed Natasha
  1865 | D:2      | Killed Natasha
  2281 | D:2      | Noticed Natasha
  2293 | D:2      | Killed Natasha
  2736 | D:3      | Learned a level 2 spell: Blink
  3051 | D:4      | Reached XP level 7. HP: 42/57 MP: 8/8
  3192 | D:5      | Entered Level 5 of the Dungeon
  3375 | D:4      | Found a sacrificial altar of Ru.
  3375 | D:4      | Found a shattered altar of Ashenzari.
  3375 | D:4      | Found a basalt altar of Yredelemnul.
  3377 | D:4      | Found a bloodstained altar of Trog.
  3377 | D:4      | Found a glowing silver altar of Zin.
  3380 | D:4      | Found an iron altar of Okawaru.
  3380 | D:4      | Found a shimmering altar of Xom.
  3382 | D:4      | Found a hide-covered altar of Uskayaw.
  3387 | D:4      | Became a worshipper of Ashenzari the Shackled
  3434 | D:4      | Found a staircase to the Ecumenical Temple.
  3443 | Temple   | Entered the Ecumenical Temple
  3794 | D:5      | Reached skill level 5 in Unarmed Combat
  3794 | D:5      | Reached skill level 1 in Evocations
  4093 | D:5      | Reached XP level 8. HP: 65/65 MP: 10/10
  4318 | D:6      | Found a glowing drain.
  4325 | Sewer    | Entered a sewer
  4546 | Sewer    | Noticed Purgy
  4560 | Sewer    | Killed Purgy
  4560 | Sewer    | Reached skill level 6 in Unarmed Combat
  4746 | D:6      | Reached skill level 5 in Dodging
  4914 | D:6      | Identified the +2 robe "Qikhleto" {+Inv rPois rC- rN+}
  4964 | D:6      | Reached XP level 9. HP: 57/73 MP: 12/12
  5154 | D:6      | Found a runed translucent door.
  5157 | D:6      | Found a basalt altar of Yredelemnul.
  5182 | D:6      | Reached skill level 5 in Fighting
  5964 | D:2      | Killed Crazy Yiuf
  6191 | D:6      | Reached skill level 7 in Unarmed Combat
  6303 | D:7      | Noticed a hornet
  6339 | D:7      | Killed a hornet
  6550 | D:7      | Reached XP level 10. HP: 72/83 MP: 14/14
  6809 | D:7      | Reached skill level 8 in Unarmed Combat
  7155 | D:8      | Reached * piety under Ashenzari
  7182 | D:8      | Learned a level 3 spell: Confuse
  7273 | D:8      | Identified the +5 lajatang of Symmetry {venom, Int+2 Dex+2}
  7355 | D:8      | Found a hazy altar of Hepliaklqana.
  7457 | D:8      | Found Uloos's Distillery.
  7464 | D:8      | Bought a potion of heal wounds for 60 gold pieces
  7464 | D:8      | Bought a potion of heal wounds for 60 gold pieces
  7496 | D:8      | Noticed a two-headed ogre
  7544 | D:8      | Found a staircase to the Lair.
  7548 | D:8      | Killed a two-headed ogre
  7548 | D:8      | Reached skill level 9 in Unarmed Combat
  7572 | D:8      | Reached skill level 1 in Throwing
  7572 | D:8      | Reached skill level 5 in Armour
  8109 | D:9      | Found a shimmering altar of Xom.
  8109 | D:9      | Found a shimmering altar of Xom.
  8181 | D:9      | Reached skill level 10 in Unarmed Combat
  8209 | D:9      | Reached XP level 11. HP: 89/90 MP: 16/16
  8538 | D:9      | Noticed Grum
  8598 | D:9      | Killed Grum
  8854 | D:9      | Found a shimmering altar of Xom.
  8854 | D:9      | Noticed a shock serpent
  9051 | D:10     | Entered Level 10 of the Dungeon
  9415 | D:11     | Reached skill level 11 in Unarmed Combat
  9417 | D:11     | Noticed a brown ugly thing
  9427 | D:11     | Killed a brown ugly thing
  9888 | D:11     | Reached skill level 5 in Spellcasting
 10180 | D:11     | Reached skill level 5 in Evocations
 10401 | D:10     | Reached ** piety under Ashenzari
 10931 | D:12     | Noticed a sun demon
 10936 | D:12     | Slain by a sun demon

Skill      XL: |  1  2  3  4  5  6  7  8  9 10 11 |
---------------+----------------------------------+-----
Armour         | 1 2 3 4 5 6 |  6.3
Dodging        | 2 3 4 5 6 7 |  7.1
Unarmed Combat | 3 4 5 6 7 10 11 | 11.5
Stealth        | 1 2 4 |  4.3
Fighting       | 3 4 5 6 |  6.5
Spellcasting   | 2 3 4 5 |  5.2
Translocations | 3 4 |  4.8
Evocations     | 1 2 3 4 5 |  5.2
Throwing       | 1 |  1.0

Action                   |  1- 3 |  4- 6 |  7- 9 | 10-12 || total
-------------------------+-------+-------+-------+-------++-------
Melee: Unarmed           |   175 |   192 |   548 |   709 ||  1624
       Punch             |       |     2 |    12 |    20 ||    34
Throw: Tomahawk          |       |       |       |     2 ||     2
Invok: Curse Item        |       |       |     1 |       ||     1
Evoke: Wand              |       |       |     2 |     3 ||     5
  Use: Potion            |       |     3 |     5 |     7 ||    15
       Scroll            |       |     4 |    12 |     4 ||    20
 Stab: Sleeping          |       |     1 |     5 |       ||     6
       Invisible         |       |       |     5 |       ||     5
       Paralysed         |       |       |     7 |     4 ||    11
       Distracted        |       |       |     1 |       ||     1
  Eat: Chunk             |    24 |    11 |    32 |    84 ||   151
Armor: Leather armour    |    28 |       |       |       ||    28
       Ring mail         |    41 |    68 |   210 |       ||   319
       Chain mail        |       |       |    80 |   352 ||   432
Dodge: Dodged            |   132 |    94 |   350 |   347 ||   923
Block: Other             |       |       |    13 |    36 ||    49
       Reflection        |       |       |       |     2 ||     2
